 Dungeon Crawl Stone Soup version 0.18-a0-1702-gd20c6a5 (webtiles) character file.

458 Oddball22 the Cutter (level 7, -1/38 HPs)
             Began as a Vine Stalker Assassin on Apr 6, 2016.
             Slain by an orc
             ... wielding a +0 club
              (6 damage)
             ... on level 4 of the Dungeon.
             The game lasted 00:10:02 (3197 turns).

Oddball22 the Cutter (Vine Stalker Assassin)        Turns: 3197, Time: 00:10:03

Health: -1/38      AC: -5    Str: 12 (14) XL:     7   Next: 6%
Magic:  0/8        EV: 12    Int:  8 (11) God:
Gold:   188        SH:  0    Dex: 16 (17) Spells: 0 memorised, 6 levels left

rFire  x . .     SeeInvis .     z - +3 war axe (chop)
rCold  + . .     Gourm    .     c - +0 robe
rNeg   . . .     Faith    .     (no shield)
rPois  .         Spirit   +     (no helmet)
rElec  .         Dismiss  .     d - +0 cloak
rCorr  .         Reflect  .     (no gloves)
SustAt .         Harm     .     (no boots)
MR     .....                    v - amulet of rage
Stlth  +++.......               (no ring)
                                k - ring of ice

@: corroded, not resistant to hostile enchantments, fairly stealthy
A: fangs 2, regeneration 2, magic shield, antimagic bite, no device heal 3, rot
immunity
a: Evoke Berserk Rage


You were on level 4 of the Dungeon.
You were not hungry.

You visited 1 branch of the dungeon, and saw 4 of its levels.

You collected 188 gold pieces.

Inventory:

Hand Weapons
 a - a +2 dagger
 b - a +0 blowgun
 y - a +3 mace of protection
 z - a +3 war axe of chopping (weapon)
Missiles
 e - 17 poisoned needles
 f - 2 curare-tipped needles
Armour
 c - a +0 robe (worn)
 d - a +0 cloak (worn)
Jewellery
 k - a ring of ice (left hand)
 v - an amulet of rage (around neck)
Scrolls
 h - a scroll of enchant armour {unknown}
 i - a scroll of recharging {unknown}
 l - 2 scrolls of amnesia
 n - a scroll of remove curse
 q - a scroll of blinking
 u - a scroll of identify {unknown}
 w - a scroll of magic mapping {unknown}
 A - a scroll of enchant weapon
Potions
 j - a potion of degeneration
 p - a potion of magic {unknown}
 t - a potion of flight {unknown}
 B - a potion of beneficial mutation {unknown}
 C - a potion of brilliance {unknown}
Books
 x - a book of Geomancy

   Spells                             Type                      Level
   a - Sandblast                      Earth                        1
   b - Passwall                       Transmutation/Earth          2
   c - Stone Arrow                    Conjuration/Earth            3
   d - Petrify                        Transmutation/Earth          4
   e - Lee's Rapid Deconstruction     Earth                        5
Comestibles
 g - 3 bread rations
 m - 2 fruits
 o - 2 beef jerkies
 r - a royal jelly
 s - 2 chunks of flesh


   Skills:
 + Level 4.7 Fighting
 + Level 4.9 Short Blades
 - Level 1.7 Throwing
 - Level 1.1 Dodging
 - Level 4.8 Stealth


You had 6 spell levels left.
You didn't know any spells.

Dungeon Overview and Level Annotations

Branches:
Dungeon (4/15)
 Temple: D:4-7

Altars:
Pakellas
Ru
Sif Muna


Innate Abilities, Weirdness & Mutations

You have extremely sharp teeth.
You heal very quickly.
When hurt, damage is shared between your health and your magic reserves.
Your bite disrupts and absorbs the magic of your enemies.
Potions and wands cannot restore your health.
You are immune to rotting.


Message History

The jelly is lightly wounded.
You feel less confused. The jelly hits you.
You are splashed with acid!
The acid burns!
You slash the jelly! The acid corrodes you!
Your hands burn!
The jelly is severely wounded.
You hit something but do no damage. The jelly hits you.
You are splashed with acid!
The acid corrodes you!
The acid burns!
Something barely misses you. The jelly barely misses you.
You hit the jelly but do no damage.
Your hands burn!
The jelly is severely wounded.
You hit something but do no damage. Something hits you. The jelly hits you.
You are splashed with acid!
The acid burns!
* * * LOW HITPOINT WARNING * * *
Something hits you.
* * * LOW HITPOINT WARNING * * *
The orc hits you with a club.
* * * LOW HITPOINT WARNING * * *
Something completely misses you. The orc hits you with a club!
You die...

..>.........####
#..# ............#
....#
............##
....#
........###..##
#....## ........#
##..###).....#
........#
##......#
#....##..#
##.J{.## ##...#
#.. #..o.# #...##
###..@.# ##...##
#........#
##...####......<.#
###..###.....##..#
# ##........##
#..# ###
#.....>..# #.#
..## ##.......# .#
...###........# #
#......###....#


You could see a jelly and an orc.

Vanquished Creatures
  An ogre (D:4)
  A scorpion (D:4)
  The ghost of ontamu the Ruffian, a weakling DrTm (D:3)
  2 orc priests (D:3)
  Terence (D:3)
  3 gnolls (D:3)
  7 adders
  2 worms (D:3)
  A dart slug (D:2)
  4 giant geckos
  9 orcs
  4 giant cockroaches
  4 goblins
  9 hobgoblins
  11 jackals
  2 quokkas (D:3)
  5 bats
  9 giant newts
  8 kobolds
  A quokka skeleton (D:4)
  5 rats
90 creatures vanquished.

Notes
Turn   | Place    | Note
--------------------------------------------------------------
     0 | D:1      | Oddball22 the Vine Stalker Assassin began the quest for the Orb.
     0 | D:1      | Reached XP level 1. HP: 11/11 MP: 2/2
    68 | D:1      | Reached skill level 1 in Dodging
   225 | D:1      | Reached XP level 2. HP: 15/15 MP: 3/3
   578 | D:1      | Reached XP level 3. HP: 18/18 MP: 4/4
  1028 | D:2      | Found an oddly glowing altar of Pakellas.
  1080 | D:2      | Reached XP level 4. HP: 7/23 MP: 5/5
  1620 | D:3      | Reached XP level 5. HP: 28/28 MP: 4/6
  1638 | D:3      | Noticed Terence
  1821 | D:3      | Killed Terence
  1896 | D:3      | Noticed ontamu's ghost (weakling DrTm)
  1923 | D:3      | Killed ontamu's ghost
  1923 | D:3      | Gained mutation: You heal very quickly. [Vine Stalker growth]
  1923 | D:3      | Reached XP level 6. HP: 33/33 MP: 7/7
  2155 | D:3      | Found a deep blue altar of Sif Muna.
  2430 | D:3      | HP: 1/33 [adder (2)]
  2435 | D:3      | HP: 1/49 [poisoned by an adder]
  2443 | D:3      | HP: 2/49 [poisoned by an adder]
  2804 | D:4      | Found an oddly glowing altar of Pakellas.
  2888 | D:4      | Reached XP level 7. HP: 3/38 MP: 1/8
  2963 | D:4      | Found a sacrificial altar of Ru.
  3197 | D:4      | Slain by an orc

Vault maps used:
D:1:      dpeg_arrival_chase
D:2:      grunt_pakellas_salt
D:3:      kennysheep_big_flooded_room, led_sif_book, uniq_terence
D:4:      nicolae_overflow_crystal_walls, old_standard_altar, first_bread

Skill      XL: |  1  2  3  4  5 |
---------------+----------------+-----
Dodging        | 1 |  1.1
Short Blades   | 2 3 4 |  4.9
Fighting       | 2 3 4 |  4.7
Throwing       | |  1.7
Stealth        | |  4.8

Action                   |  1- 3 |  4- 6 |  7- 9 || total
-------------------------+-------+-------+-------++-------
Melee: Dagger            |   117 |    79 |       ||   196
       War axe           |       |    55 |    10 ||    65
 Fire: Blowgun           |       |     8 |       ||     8
 Abil: Evoke Berserk Rag |       |     2 |       ||     2
  Use: Potion            |       |     2 |       ||     2
       Scroll            |       |       |     4 ||     4
 Stab: Sleeping          |    11 |     8 |       ||    19
       Distracted        |       |     2 |       ||     2
  Eat: Chunk             |     1 |     7 |     2 ||    10
